 Dungeon Crawl Stone Soup version 0.21.1-1-g345015f (webtiles) character file.

4113 tidbits the Sneak (level 10, -9/74 HPs)
             Began as a Gnoll Enchanter on June 5, 2018.
             Was a Believer of Cheibriados.
             Mangled by a minotaur
             ... wielding a +4 broad axe of flaming
              (43 damage)
             ... in a labyrinth.
             The game lasted 00:36:33 (2279 turns).

tidbits the Sneak (Gnoll Enchanter)                 Turns: 2279, Time: 00:36:34

Health: -9/74      AC: 12    Str: 14    XL:     10   Next: 26%
Magic:  2/20       EV: 18    Int: 24    God:    Cheibriados [**....]
Gold:   246        SH:  0    Dex: 21    Spells: 7/23 levels left

rFire    . . .     SeeInvis .   a - +1 dagger
rCold    . . .     Gourm    .   (no shield)
rNeg     . . .     Faith    .   B - +0 robe
rPois    .         Spirit   .   E - +0 helmet
rElec    .         Reflect  .   C - +0 cloak
rCorr    +         Harm     .   (no gloves)
MR       .....                  (no boots)
Stlth    ++++......             (no amulet)
HPRegen  0.22/turn              K - ring of resist corrosion
MPRegen  0.17/turn              (no ring)

@: icy armour, very slow
A: distributed training, fangs 1, strong nose
a: Bend Time, Renounce Religion


You were in a labyrinth.
You worshipped Cheibriados.
Cheibriados was pleased with you.
You were hungry.

You visited 2 branches of the dungeon, and saw 11 of its levels.
You also visited: Labyrinth.

You collected 301 gold pieces.
You spent 55 gold pieces at shops.

Inventory:

Hand Weapons
 a - a +1 dagger (weapon)
 b - a +2 war axe of electrocution
   (You took it off an orc on level 8 of the Dungeon)
 m - a +0 broad axe
 A - a +2 flail of protection
   (You found it on level 6 of the Dungeon)
 F - a cursed -3 trident
 G - a +0 rapier
 J - a +0 fustibalus
Missiles
 s - 26 arrows
 v - 2 throwing nets (quivered) {!f}
 w - 34 bolts
 y - 9 tomahawks
 L - 6 javelins
Armour
 h - a +0 ring mail
 B - a +0 robe (worn)
 C - a +0 cloak (worn)
 E - a +0 helmet (worn)
Jewellery
 K - a ring of resist corrosion (left hand)
   (You found it on level 5 of the Dungeon)
Wands
 i - a wand of acid (2)
 u - a wand of flame (14)
 D - a wand of iceblast (6)
Scrolls
 e - 2 scrolls of remove curse {unknown}
 g - 2 scrolls of immolation
 j - 4 scrolls of teleportation
 n - 4 scrolls of identify {unknown}
 o - 3 scrolls of enchant weapon {unknown}
 r - 3 scrolls of amnesia {unknown}
Potions
 f - 2 potions of lignification {unknown}
 k - a potion of berserk rage {unknown}
 l - 2 potions of resistance {unknown}
 p - 2 potions of heal wounds
 q - 3 potions of haste {unknown}
 t - 3 potions of curing {unknown}
 H - a potion of brilliance {unknown}
 I - a potion of flight {unknown}
Books
 c - a book of Maledictions

   Spells                             Type                      Level
   a - Corona                         Hexes                        1
   b - Ensorcelled Hibernation        Hexes/Ice                    2
   c - Confuse                        Hexes                        3
   d - Tukima's Dance                 Hexes                        3
   e - Dazzling Spray                 Conjuration/Hexes            3
 x - a book of Misfortune
   (You found it on level 5 of the Dungeon)

   Spells                             Type                      Level
   a - Confusing Touch                Hexes                        1
   b - Confuse                        Hexes                        3
   c - Gell's Gravitas                Translocation                3
   d - Petrify                        Transmutation/Earth          4
   e - Metabolic Englaciation         Hexes/Ice                    5
   f - Yara's Violent Unravelling     Hexes/Transmutation          5
 z - a book of Frost
   (You found it on level 5 of the Dungeon)

   Spells                             Type                      Level
   a - Freeze                         Ice                          1
   b - Throw Frost                    Conjuration/Ice              2
   c - Ozocubu's Armour               Charms/Ice                   3
   d - Throw Icicle                   Conjuration/Ice              4
   e - Summon Ice Beast               Ice/Summoning                4
Comestibles
 d - 8 rations


   Skills:
 + Level 5.0 Fighting
 + Level 5.7 Short Blades
 + Level 5.0 Long Blades
 + Level 5.0 Axes
 + Level 5.0 Maces & Flails
 + Level 5.0 Polearms
 + Level 5.0 Staves
 + Level 5.0 Slings
 + Level 5.0 Bows
 + Level 5.0 Crossbows
 + Level 5.0 Throwing
 + Level 5.0 Armour
 + Level 6.9 Dodging
 + Level 7.9 Stealth
 + Level 5.0 Shields
 + Level 5.0 Unarmed Combat
 + Level 7.2 Spellcasting
 + Level 4.1 Conjurations
 + Level 6.9 Hexes
 + Level 4.1 Charms
 + Level 4.1 Summonings
 + Level 4.1 Necromancy
 + Level 4.1 Translocations
 + Level 4.1 Transmutations
 + Level 4.1 Fire Magic
 + Level 4.1 Ice Magic
 + Level 4.1 Air Magic
 + Level 4.1 Earth Magic
 + Level 4.1 Poison Magic
 + Level 5.5 Invocations
 + Level 5.0 Evocations


You had 7 spell levels left.
You knew the following spells:

 Your Spells              Type           Power        Failure   Level  Hunger
a - Corona                Hex            #####..      1%          1    None
c - Confuse               Hex            #####...     1%          3    None
d - Dazzling Spray        Conj/Hex       #####.       2%          3    None
e - Ensorcelled Hibernat  Hex/Ice        #####.       1%          2    None
j - Summon Ice Beast      Ice/Summ       ####....     13%         4    ###....
o - Ozocubu's Armour      Chrm/Ice       ####....     3%          3    None


Dungeon Overview and Level Annotations

Branches:
Dungeon (9/15)               Lair (2/6) D:8
 Temple: D:4-7        Swamp: Lair:2-4    Shoals: Lair:2-4     Snake: Lair:2-4
 Spider: Lair:2-4       Orc: D:9-12

Altars:
Cheibriados
Vehumet
Yredelemnul
The Shining One

Shops:
D:4 *

Annotations:
D:6 Error4North's ghost, novice MiFi


Innate Abilities, Weirdness & Mutations

Your experience applies equally to all skills.
You have very sharp teeth.
Your uncanny sense of smell can sniff out nearby items.


Message History

As you enter the labyrinth, previously moving walls settle noisily into place.
You hear the metallic echo of a distant snort before it fades into the rock.
The floor suddenly vibrates beneath you!
You hear the creaking of ancient gears!
As you read the scroll of teleportation, it crumbles to dust.
You feel strangely unstable.
Unknown command.
Your surroundings suddenly seem different.
You are feeling hungry.
You hear the creaking of ancient gears!
Evoke which item? (* to show all) (? for menu, Esc to quit)
Okay, then.
Okay, then.
Okay, then.
Casting: Ensorcelled Hibernation
Confirm with . or Enter, or press ? or * to list all spells.
A film of ice covers your body!
You open the door.
Found a ring mail.
Found an escape hatch in the ceiling.
A minotaur comes into view. It is wielding a broad axe of flaming.
Casting: Ozocubu's Armour
Confirm with . or Enter, or press ? or * to list all spells.
Aiming: Ensorcelled Hibernation
Press: ? - help, Shift-Dir - straight line, f - minotaur
Aim: a minotaur, wielding a broad axe of flaming, wearing a steaming scale mail and wearing a dented citrine amulet (hasn't noticed you, chance to defeat MR: 28%)
Okay, then.
Unknown command.
Unknown command.
Unknown command.
Casting: Ensorcelled Hibernation
Confirm with . or Enter, or press ? or * to list all spells.
A chill wind blows around you.
The minotaur bellows!
Evoke which item? (* to show all) (? for menu, Esc to quit)
Aiming: Corrosive Bolt
Press: ? - help, Shift-Dir - straight line, f - minotaur
Aim: a minotaur, wielding a broad axe of flaming, wearing a steaming scale mail and wearing a dented citrine amulet The bolt of acid hits the minotaur.
The minotaur is splashed with acid.
The acid corrodes the minotaur!
The minotaur is lightly wounded.
The minotaur evokes its amulet.
The minotaur goes berserk!
Unknown command.
Casting: Summon Ice Beast
Confirm with . or Enter, or press ? or * to list all spells.
Aiming: Confuse
Press: ? - help, Shift-Dir - straight line, f/p - minotaur
Aim: a minotaur, wielding a broad axe of flaming, wearing a steaming scale mail and wearing an amulet of rage (lightly wounded, berserk, fast, unusually strong, covered in acid, chance to defeat MR: 33%)
The minotaur easily resists.
Your ice beast closely misses the minotaur.
The minotaur furiously retaliates!
The minotaur headbutts your ice beast! The minotaur misses you.
The minotaur barely misses your ice beast.
The minotaur gores you!
Casting: Confuse
Confirm with . or Enter, or press ? or * to list all spells.
You can't see any susceptible monsters within range! (Use Z to cast anyway.) Unknown command.
Unknown command.
Casting: Confuse
Confirm with . or Enter, or press ? or * to list all spells.
Aiming: Confuse
Press: ? - help, Shift-Dir - straight line, f/p - minotaur
Aim: a minotaur, wielding a broad axe of flaming, wearing a steaming scale mail and wearing an amulet of rage (lightly wounded, berserk, fast, unusually strong, covered in acid, chance to defeat MR: 33%)
The minotaur easily resists.
Your ice beast hits the minotaur.
Your ice beast freezes the minotaur!
The minotaur barely misses you.
The minotaur hits your ice beast with a broad axe of flaming!!
The minotaur melts your ice beast!
Your ice beast dies!
The minotaur gores you!!
Casting: Confuse
Confirm with . or Enter, or press ? or * to list all spells.
Aiming: Confuse
Press: ? - help, Shift-Dir - straight line, f/p - minotaur
Aim: a minotaur, wielding a broad axe of flaming, wearing a steaming scale mail and wearing an amulet of rage (moderately wounded, berserk, fast, unusually strong, covered in acid, chance to defeat MR: 33%)
The minotaur appears confused.
Evoke which item? (* to show all) (? for menu, Esc to quit)
Aiming: Iceblast
Press: ? - help, Shift-Dir - straight line, p - minotaur The mass of ice explodes!
The iceblast engulfs the minotaur.
The minotaur is moderately wounded.
The minotaur hits you with a broad axe of flaming.
* * * LOW HITPOINT WARNING * * *
The minotaur burns you.
* * * LOW HITPOINT WARNING * * *
The minotaur completely misses you. The heat melts your icy armour.
Casting: Confuse
Confirm with . or Enter, or press ? or * to list all spells.
Aiming: Confuse
Press: ? - help, Shift-Dir - straight line
Okay, then.
Unknown command.
Casting: Confuse
Confirm with . or Enter, or press ? or * to list all spells.
Aiming: Confuse
Press: ? - help, Shift-Dir - straight line, f - minotaur
Aim: a minotaur, wielding a broad axe of flaming, wearing a steaming scale mail and wearing an amulet of rage (moderately wounded, berserk, fast, unusually strong, confused, covered in acid, chance to defeat MR: 33%)
The minotaur appears confused.
The minotaur hits you with a broad axe of flaming!!!
Ouch! That really hurt!
You die...

.. . # .#. .#. ...
## ##. ..# .# .# #
#.. # # # #..#≈
#.#.## #.....
..#≈≈.#.#..# # #
#.## #≈<...H@##
.#.#. .#≈≈.#.#..# #
#####.# # #..# .# .
...#######..# ####
.. . ....# #
..........#.......#
# #.# ###.##
.###### # . #.#. .#
# # # ###.#.#


You could see a minotaur (berserk).

Vanquished Creatures
  A hydra (Lair:1)
  A two-headed ogre (D:8)
  Pikel (D:7)
  A spiny frog (Lair:1)
  A komodo dragon (Lair:1)
  A hippogriff (Lair:1)
  2 water moccasins (Lair:1)
  A porcupine (Lair:1)
  A slave (D:7)
  2 sky beasts
  A black bear (D:6)
  3 ogres
  A phantom (D:6)
  A crocodile (Lair:1)
  2 bullfrogs (Lair:1)
  2 scorpions (D:5)
  A howler monkey (D:4)
  A crimson imp (D:8)
  A centaur skeleton (D:4)
  A hound (D:8)
  3 orc wizards (D:5)
  An iguana (D:6)
  2 worker ants
  5 adders
  A white imp (D:8)
  An adder skeleton (D:5)
  A worm (D:2)
  A dart slug (D:4)
  A leopard gecko (D:1)
  7 orcs
  3 bats
  A giant cockroach (D:4)
  4 goblins
  5 hobgoblins
  5 jackals (D:6)
  A kobold (D:1)
  2 quokkas
  A jackal zombie (D:8)
  An orc zombie (D:8)
  A rat (D:2)
73 creatures vanquished.

Notes
Turn   | Place    | Note
-------+----------+-------------------------------------------
     0 | D:1      | tidbits the Gnoll Enchanter began the quest for the Orb.
     0 | D:1      | Reached XP level 1. HP: 13/13 MP: 6/6
    95 | D:1      | Reached XP level 2. HP: 19/19 MP: 5/7
   156 | D:2      | Learned a level 2 spell: Ensorcelled Hibernation
   278 | D:3      | Reached skill level 5 in Spellcasting
   278 | D:3      | Reached XP level 3. HP: 22/25 MP: 4/9
   283 | D:3      | Learned a level 3 spell: Confuse
   298 | D:3      | Reached skill level 6 in Stealth
   337 | D:3      | Reached skill level 1 in Invocations
   418 | D:4      | Reached skill level 1 in Fighting
   418 | D:4      | Reached skill level 1 in Long Blades
   418 | D:4      | Reached skill level 1 in Axes
   418 | D:4      | Reached skill level 1 in Maces & Flails
   418 | D:4      | Reached skill level 1 in Polearms
   418 | D:4      | Reached skill level 1 in Staves
   418 | D:4      | Reached skill level 1 in Slings
   418 | D:4      | Reached skill level 1 in Bows
   418 | D:4      | Reached skill level 1 in Crossbows
   418 | D:4      | Reached skill level 1 in Throwing
   418 | D:4      | Reached skill level 1 in Armour
   418 | D:4      | Reached skill level 1 in Shields
   418 | D:4      | Reached skill level 1 in Unarmed Combat
   418 | D:4      | Reached skill level 1 in Evocations
   418 | D:4      | Reached XP level 4. HP: 32/32 MP: 11/11
   423 | D:4      | Learned a level 3 spell: Dazzling Spray
   432 | D:5      | Entered Level 5 of the Dungeon
   445 | D:5      | Reached skill level 1 in Conjurations
   445 | D:5      | Reached skill level 1 in Charms
   445 | D:5      | Reached skill level 1 in Summonings
   445 | D:5      | Reached skill level 1 in Necromancy
   445 | D:5      | Reached skill level 1 in Translocations
   445 | D:5      | Reached skill level 1 in Transmutations
   445 | D:5      | Reached skill level 1 in Fire Magic
   445 | D:5      | Reached skill level 1 in Ice Magic
   445 | D:5      | Reached skill level 1 in Air Magic
   445 | D:5      | Reached skill level 1 in Earth Magic
   445 | D:5      | Reached skill level 1 in Poison Magic
   445 | D:5      | Reached XP level 5. HP: 28/37 MP: 5/12
   474 | D:5      | Reached skill level 3 in Short Blades
   518 | D:5      | Noticed an ogre
   522 | D:5      | Killed an ogre
   522 | D:5      | Reached skill level 2 in Invocations
   522 | D:5      | Reached XP level 6. HP: 13/44 MP: 3/14
   543 | D:4      | Found Netytt's Assorted Antiques.
   551 | D:4      | Bought a scroll labeled LIYDOAP WYRE for 19 gold pieces
   551 | D:4      | Bought a scroll labeled MAIRILI NULARUAV for 19 gold pieces
   551 | D:4      | Bought an inky potion for 17 gold pieces
   558 | D:4      | Reached skill level 2 in Fighting
   558 | D:4      | Reached skill level 2 in Long Blades
   558 | D:4      | Reached skill level 2 in Axes
   558 | D:4      | Reached skill level 2 in Maces & Flails
   558 | D:4      | Reached skill level 2 in Polearms
   558 | D:4      | Reached skill level 2 in Staves
   558 | D:4      | Reached skill level 2 in Slings
   558 | D:4      | Reached skill level 2 in Bows
   558 | D:4      | Reached skill level 2 in Crossbows
   558 | D:4      | Reached skill level 2 in Throwing
   558 | D:4      | Reached skill level 2 in Armour
   558 | D:4      | Reached skill level 5 in Dodging
   558 | D:4      | Reached skill level 2 in Shields
   558 | D:4      | Reached skill level 2 in Unarmed Combat
   558 | D:4      | Reached skill level 2 in Evocations
   572 | D:4      | Reached XP level 7. HP: 19/50 MP: 4/15
   589 | D:4      | Found a snail-covered altar of Cheibriados.
   597 | D:4      | Became a worshipper of Cheibriados the Contemplative
   744 | D:4      | Found a radiant altar of Vehumet.
   996 | D:5      | Reached skill level 2 in Conjurations
   996 | D:5      | Reached skill level 2 in Charms
   996 | D:5      | Reached skill level 2 in Summonings
   996 | D:5      | Reached skill level 2 in Necromancy
   996 | D:5      | Reached skill level 2 in Translocations
   996 | D:5      | Reached skill level 2 in Transmutations
   996 | D:5      | Reached skill level 2 in Fire Magic
   996 | D:5      | Reached skill level 2 in Ice Magic
   996 | D:5      | Reached skill level 2 in Air Magic
   996 | D:5      | Reached skill level 2 in Earth Magic
   996 | D:5      | Reached skill level 2 in Poison Magic
  1076 | D:6      | Reached skill level 3 in Invocations
  1119 | D:6      | Reached XP level 8. HP: 32/57 MP: 2/16
  1140 | D:6      | Learned a level 3 spell: Ozocubu's Armour
  1201 | D:7      | Reached skill level 4 in Short Blades
  1201 | D:7      | Reached skill level 6 in Hexes
  1239 | D:8      | Reached skill level 3 in Fighting
  1239 | D:8      | Reached skill level 3 in Long Blades
  1239 | D:8      | Reached skill level 3 in Axes
  1239 | D:8      | Reached skill level 3 in Maces & Flails
  1239 | D:8      | Reached skill level 3 in Polearms
  1239 | D:8      | Reached skill level 3 in Staves
  1239 | D:8      | Reached skill level 3 in Slings
  1239 | D:8      | Reached skill level 3 in Bows
  1239 | D:8      | Reached skill level 3 in Crossbows
  1239 | D:8      | Reached skill level 3 in Throwing
  1239 | D:8      | Reached skill level 3 in Armour
  1239 | D:8      | Reached skill level 3 in Shields
  1239 | D:8      | Reached skill level 3 in Unarmed Combat
  1239 | D:8      | Reached skill level 3 in Evocations
  1252 | D:6      | Noticed Error4North's ghost (novice MiFi)
  1254 | D:6      | Reached * piety under Cheibriados
  1324 | D:7      | Noticed Pikel
  1335 | D:7      | Killed Pikel
  1335 | D:7      | Reached skill level 7 in Stealth
  1335 | D:7      | Reached skill level 6 in Spellcasting
  1505 | D:8      | Found a basalt altar of Yredelemnul.
  1551 | D:8      | Reached skill level 4 in Invocations
  1578 | D:8      | Noticed a two-headed ogre
  1586 | D:8      | Killed a two-headed ogre
  1586 | D:8      | Reached skill level 4 in Fighting
  1586 | D:8      | Reached skill level 4 in Long Blades
  1586 | D:8      | Reached skill level 4 in Axes
  1586 | D:8      | Reached skill level 4 in Maces & Flails
  1586 | D:8      | Reached skill level 4 in Polearms
  1586 | D:8      | Reached skill level 4 in Staves
  1586 | D:8      | Reached skill level 4 in Slings
  1586 | D:8      | Reached skill level 4 in Bows
  1586 | D:8      | Reached skill level 4 in Crossbows
  1586 | D:8      | Reached skill level 4 in Throwing
  1586 | D:8      | Reached skill level 4 in Armour
  1586 | D:8      | Reached skill level 6 in Dodging
  1586 | D:8      | Reached skill level 4 in Shields
  1586 | D:8      | Reached skill level 4 in Unarmed Combat
  1586 | D:8      | Reached skill level 3 in Conjurations
  1586 | D:8      | Reached skill level 3 in Charms
  1586 | D:8      | Reached skill level 3 in Summonings
  1586 | D:8      | Reached skill level 3 in Necromancy
  1586 | D:8      | Reached skill level 3 in Translocations
  1586 | D:8      | Reached skill level 3 in Transmutations
  1586 | D:8      | Reached skill level 3 in Fire Magic
  1586 | D:8      | Reached skill level 3 in Ice Magic
  1586 | D:8      | Reached skill level 3 in Air Magic
  1586 | D:8      | Reached skill level 3 in Earth Magic
  1586 | D:8      | Reached skill level 3 in Poison Magic
  1586 | D:8      | Reached skill level 4 in Evocations
  1586 | D:8      | Reached XP level 9. HP: 40/65 MP: 9/18
  1593 | D:8      | Found a glowing golden altar of the Shining One.
  1619 | D:8      | Found a staircase to the Lair.
  1625 | D:8      | Learned a level 4 spell: Summon Ice Beast
  1629 | Lair:1   | Entered Level 1 of the Lair of Beasts
  1629 | Lair:1   | Noticed a komodo dragon
  1645 | Lair:1   | Noticed a spiny frog
  1649 | Lair:1   | Killed a spiny frog
  1649 | Lair:1   | Reached skill level 5 in Short Blades
  1651 | Lair:1   | Noticed a five-headed hydra
  1658 | Lair:1   | Killed a five-headed hydra
  1658 | Lair:1   | Reached skill level 7 in Spellcasting
  1658 | Lair:1   | Reached skill level 5 in Invocations
  1658 | Lair:1   | Reached XP level 10. HP: 17/73 MP: 7/20
  1661 | Lair:1   | Reached skill level 4 in Conjurations
  1661 | Lair:1   | Reached skill level 4 in Charms
  1661 | Lair:1   | Reached skill level 4 in Summonings
  1661 | Lair:1   | Reached skill level 4 in Necromancy
  1661 | Lair:1   | Reached skill level 4 in Translocations
  1661 | Lair:1   | Reached skill level 4 in Transmutations
  1661 | Lair:1   | Reached skill level 4 in Fire Magic
  1661 | Lair:1   | Reached skill level 4 in Ice Magic
  1661 | Lair:1   | Reached skill level 4 in Air Magic
  1661 | Lair:1   | Reached skill level 4 in Earth Magic
  1661 | Lair:1   | Reached skill level 4 in Poison Magic
  1665 | Lair:1   | Noticed a spiny frog
  1751 | Lair:1   | Reached ** piety under Cheibriados
  1751 | Lair:1   | Reached skill level 5 in Fighting
  1751 | Lair:1   | Reached skill level 5 in Long Blades
  1751 | Lair:1   | Reached skill level 5 in Axes
  1751 | Lair:1   | Reached skill level 5 in Maces & Flails
  1751 | Lair:1   | Reached skill level 5 in Polearms
  1751 | Lair:1   | Reached skill level 5 in Staves
  1751 | Lair:1   | Reached skill level 5 in Slings
  1751 | Lair:1   | Reached skill level 5 in Bows
  1751 | Lair:1   | Reached skill level 5 in Crossbows
  1751 | Lair:1   | Reached skill level 5 in Throwing
  1751 | Lair:1   | Reached skill level 5 in Armour
  1751 | Lair:1   | Reached skill level 5 in Shields
  1751 | Lair:1   | Reached skill level 5 in Unarmed Combat
  1751 | Lair:1   | Reached skill level 5 in Evocations
  1772 | Lair:1   | Found a labyrinth entrance.
  1785 | Lab      | Entered a labyrinth
  2272 | Lab      | Noticed a minotaur
  2279 | Lab      | Mangled by a minotaur

Skill      XL: |  1  2  3  4  5  6  7  8  9 10 |
---------------+-------------------------------+-----
Spellcasting   | 5 6 7 |  7.2
Stealth        | 6 7 |  7.9
Invocations    | 1 2 3 4 5 |  5.5
Fighting       | 1 2 4 5 |  5.0
Long Blades    | 1 2 4 5 |  5.0
Axes           | 1 2 4 5 |  5.0
Maces & Flails | 1 2 4 5 |  5.0
Polearms       | 1 2 4 5 |  5.0
Staves         | 1 2 4 5 |  5.0
Slings         | 1 2 4 5 |  5.0
Bows           | 1 2 4 5 |  5.0
Crossbows      | 1 2 4 5 |  5.0
Throwing       | 1 2 4 5 |  5.0
Armour         | 1 2 4 5 |  5.0
Shields        | 1 2 4 5 |  5.0
Unarmed Combat | 1 2 4 5 |  5.0
Evocations     | 1 2 4 5 |  5.0
Conjurations   | 1 2 3 4 |  4.1
Charms         | 1 2 3 4 |  4.1
Summonings     | 1 2 3 4 |  4.1
Necromancy     | 1 2 3 4 |  4.1
Translocations | 1 2 3 4 |  4.1
Transmutations | 1 2 3 4 |  4.1
Fire Magic     | 1 2 3 4 |  4.1
Ice Magic      | 1 2 3 4 |  4.1
Air Magic      | 1 2 3 4 |  4.1
Earth Magic    | 1 2 3 4 |  4.1
Poison Magic   | 1 2 3 4 |  4.1
Short Blades   | 3 4 5 |  5.7
Dodging        | 5 6 |  6.9
Hexes          | 6 |  6.9

Action                   |  1- 3 |  4- 6 |  7- 9 | 10-12 || total
-------------------------+-------+-------+-------+-------++-------
Melee: Dagger            |    47 |     5 |    76 |     5 ||   133
       Bite              |     2 |       |     7 |       ||     9
       Broad axe         |       |       |     4 |       ||     4
       Punch             |       |       |     1 |       ||     1
       War axe           |       |       |     2 |       ||     2
 Cast: Corona            |    11 |     3 |     3 |       ||    17
       Ensorcelled Hiber |     7 |    10 |    24 |     7 ||    48
       Confuse           |       |       |    12 |     4 ||    16
       Dazzling Spray    |       |       |     5 |     1 ||     6
       Ozocubu's Armour  |       |       |     1 |     1 ||     2
       Summon Ice Beast  |       |       |       |     1 ||     1
Evoke: Wand              |       |     5 |     5 |     3 ||    13
  Use: Scroll            |     1 |     1 |       |     1 ||     3
 Stab: Sleeping          |     9 |     5 |    21 |     5 ||    40
       Confused          |       |       |     7 |       ||     7
       Invisible         |       |       |     2 |       ||     2
  Eat: Chunk             |       |       |     3 |       ||     3
Armor: Robe              |     9 |       |    13 |       ||    22
Dodge: Dodged            |    32 |    10 |    64 |     9 ||   115

Table legend:
 A = Turns spent in this place as a percentage of turns spent in the entire game.
 B = Non-inter-level travel turns spent in this place as a percentage of non-inter-level travel turns spent in the entire game.
 C = Inter-level travel turns spent in this place as a percentage of turns spent in this place.
 D = Turns resting spent in this place as a percentage of non-inter-level travel turns spent in this place.
 E = Turns spent auto-exploring this place as a percentage of non-inter-level travel turns spent in this place.
 F = Non-inter-level travel turns spent in this place divided by the number of levels of this place that you've seen.
                   A       B       C       D       E      F
               +-------+-------+-------+-------+-------+----------------------
         Total | 100.0 | 100.0 |   0.0 |   0.0 |   0.0 | 189.9
       Dungeon |  71.5 |  71.5 |   0.0 |   0.0 |   0.0 | 181.0
          Lair |   6.8 |   6.8 |   0.0 |   0.0 |   0.0 |  78.0
     Labyrinth |  21.7 |  21.7 |   0.0 |   0.0 |   0.0 | 494.0
               +-------+-------+-------+-------+-------+----------------------

Table legend:
 A = Kills in this place as a percentage of kills in entire the game.
 B = Kills by you in this place as a percentage of kills by you in the entire game.
 C = Kills by friends in this place as a percentage of kills by friends in the entire game.
 D = Other kills in this place as a percentage of other kills in the entire game.
 E = Experience gained in this place as a percentage of experience gained in the entire game.
 F = Experience gained in this place divided by the number of levels of this place that you have seen.
                   A       B       C       D       E      F
               +-------+-------+-------+-------+-------+----------------------
         Total | 100.0 | 100.0 |   N/A |   N/A | 100.0 | 489.7
       Dungeon |  86.1 |  86.1 |   N/A |   N/A |  53.1 | 346.8
          Lair |  13.9 |  13.9 |   N/A |   N/A |  46.9 | 1377.5
               +-------+-------+-------+-------+-------+----------------------

Vault maps used:
D:1:      minmay_arrival_cross, minmay_heptomino_d4
D:3:      hangedman_decor_push
D:4:      cheibriados_altar_1, serial_shops, shop_fountains, first_ration,
          vehumet_altar_wand_db
D:5:      dk_noncrumbling_3, minmay_tree_intersection
D:6:      uniq_grinder
D:7:      minmay_temple_entry_poolview, uniq_pikel
D:8:      okawaru_gym_becter, nicolae_tso_besieged_by_evil,
          nicolae_dithmenos_shadow_blocks, lemuel_doored_altar,
          lair_entry_dummy, serial_glass, glass_columns_a, glass_columns_b,
          grunt_pizzeria, minivault_14, corner_web_ring
D:9:      orc_0_dummy
Lair:1:   lab_entry_generic, special_room, lemuel_fruit_fields
Lair:2:   special_room, uniq_fannar, uniq_urug
Lab:      labyrinth_watery
